Map: King's Cove LE

Players

LiquidSnute (Snute) - Winner!

  • Race: Zerg Zerg
  • League: Grandmaster
  • Spawn Location: 11:00

Clem

  • Race: Terran Terran
  • League: Grandmaster
  • Spawn Location: 5:00

Event: HomeStory Cup XIX

VOD

Have the link to the VOD?

Description

Time

  • Played on: June 27, 2019, 8:22 a.m.
  • Length: 8:37

All games in this series

Show
View Real Time Build Order
Export as new Build Order

LiquidSnute Zerg - Winner!

Build Orders: Hatch First 

Get SALT Encoding   

  12  0:00  Drone  
  13  0:12  Overlord  
  13  0:17  Drone  
  14  0:30  Drone x2  
  14  0:34  Drone  
  17  0:52  Hatchery  
  17  0:54  Drone  
  17  0:58  Drone  
  17  1:02  Extractor  
  17  1:13  Spawning Pool  
  17  1:17  Drone  
  17  1:20  Drone  
  18  1:28  Drone  
  19  1:39  Overlord  
  19  1:49  Drone  
  20  2:00  Queen  
  22  2:02  Metabolic Boost  
  22  2:04  Queen  
  22  2:05  Zergling x2  
  25  2:09  Zergling x2  
  25  2:12  Zergling x2  
  27  2:15  Drone  
  27  2:21  Drone  
  29  2:26  Drone  
  30  2:33  Drone  
  30  2:36  Drone  
  32  2:37  Queen  
  32  2:43  Overlord  
  34  2:47  Drone  
  35  2:55  Drone  
  36  3:03  Drone  
  37  3:07  Drone  
  37  3:11  Drone x3  
  37  3:12  Drone x2  
  43  3:14  Drone  
  43  3:17  Overlord  
  43  3:23  Overlord  
  43  3:27  Overlord  
  43  3:31  Overlord  
  43  3:32  Drone  
  43  3:35  Hatchery  
  43  3:37  Queen  
  44  3:46  Zergling x4  
  45  3:51  Zergling x6  
  45  3:54  Drone x2  
  50  3:56  Extractor  
  50  4:00  Baneling Nest  
  48  4:03  Drone  
  48  4:04  Queen  
  48  4:05  Drone  
  48  4:09  Drone x3  
  55  4:15  Drone  
  56  4:18  Drone  
  56  4:22  Lair  
  56  4:23  Drone x3  
  60  4:26  Drone  
  60  4:31  Zergling x2  
  61  4:37  Zergling x2  
  61  4:38  Overlord  
  62  4:40  Zergling x4, Queen  
  62  4:41  Zergling x2  
  64  4:55  Zergling x8  
  64  4:56  Zergling x4  
  65  5:00  Drone  
  58  5:10  Drone x6  
  55  5:14  Drone  
  55  5:20  Drone x2  
  57  5:26  Centrifical Hooks  
  57  5:30  Drone  
  57  5:31  Evolution Chamber x2  
  57  5:33  Drone  
  57  5:34  Drone  
  58  5:36  Burrow  
  58  5:39  Drone  
  58  5:42  Drone x2  
  61  5:46  Drone x3  
  61  5:47  Drone  
  65  5:52  Drone  
  65  5:54  Drone  
  67  5:58  Zerg Ground Armor Level 1  
  67  6:00  Zergling x2  
  68  6:04  Queen  
  68  6:06  Zergling x6, Zerg Melee Weapons Level 1  
  68  6:10  Spore Crawler  
  72  6:11  Zergling x4  
  72  6:15  Zergling x6, Extractor  
  76  6:22  Drone x3  
  79  6:26  Drone  
  80  6:35  Zergling x4  
  80  6:36  Hatchery  
  81  6:44  Hatchery  
  80  6:48  Baneling x10  
  80  6:51  Zergling x16  
  80  6:52  Zergling x2  
  88  7:03  Zergling x2  
  88  7:04  Overlord x2  
  87  7:19  Zergling x6  
  88  7:25  Zergling x10  
  88  7:26  Zergling x12  
  95  7:31  Zergling x4  
  93  7:37  Zergling x2  
  93  7:38  Zergling x2  
  93  7:39  Zergling x2  
  93  7:42  Zergling x6  
  93  7:43  Zergling x4  
  98  7:52  Zergling x10, Queen  
  98  7:56  Baneling x9  
  98  7:57  Baneling x4  
  98  7:58  Baneling  
  105  7:59  Zergling x8  
  105  8:04  Zergling x2, Extractor  
  109  8:06  Zergling x2  
  109  8:12  Zergling x10  
Show
View Real Time Build Order
Export as new Build Order

Clem Terran 

Build Orders: Liberator Opening 

Get SALT Encoding   

  12  0:00  SCV  
  13  0:12  SCV  
  14  0:17  Supply Depot  
  14  0:24  SCV  
  15  0:30  Refinery  
  15  0:39  SCV  
  16  0:45  Barracks  
  16  0:51  SCV  
  17  1:03  SCV  
  18  1:15  SCV  
  19  1:32  Orbital Command, Reaper  
  20  1:45  Command Center  
  20  1:56  Factory  
  20  2:00  SCV  
  21  2:07  Barracks Reactor  
  21  2:12  SCV  
  21  2:15  Supply Depot  
  22  2:19  Refinery  
  22  2:24  SCV  
  23  2:36  SCV  
  24  2:44  Starport  
  24  2:47  Hellion  
  24  2:48  SCV  
  24  2:51  Hellion  
  29  3:00  Orbital Command  
  29  3:02  SCV  
  30  3:11  Liberator  
  30  3:14  Hellion  
  30  3:16  Hellion  
  30  3:18  SCV  
  35  3:29  SCV  
  35  3:31  SCV  
  39  3:38  Supply Depot  
  39  3:42  Hellion  
  39  3:45  Hellion  
  39  3:48  SCV  
  44  3:49  SCV  
  44  3:52  Barracks Tech Lab  
  45  4:00  SCV  
  45  4:01  SCV  
  47  4:03  Supply Depot  
  47  4:12  Stimpack, Marine, SCV  
  49  4:18  SCV  
  49  4:20  Supply Depot  
  50  4:24  SCV  
  50  4:27  Command Center  
  50  4:31  SCV  
  52  4:32  Starport Reactor  
  52  4:33  Factory Tech Lab  
  52  4:37  Marine  
  54  4:38  SCV  
  54  4:43  SCV  
  54  4:44  Barracks  
  55  4:47  Barracks  
  55  4:50  SCV  
  56  4:55  Marine, SCV  
  58  5:02  SCV  
  58  5:04  Siege Tank  
  58  5:07  SCV  
  58  5:12  Engineering Bay x2  
  54  5:14  SCV  
  54  5:15  Marine  
  54  5:19  SCV  
  51  5:27  SCV, Starport Reactor  
  52  5:31  Barracks x2, Refinery  
  52  5:32  Refinery  
  52  5:33  Marine x2  
  54  5:37  SCV  
  54  5:39  SCV  
  54  5:40  Siege Tank  
  59  5:43  Orbital Command  
  59  5:46  Marine x2  
  61  5:50  Marine, SCV  
  61  5:52  SCV  
  61  5:54  Marine  
  61  5:55  Marine  
  66  6:02  SCV  
  68  6:04  SCV  
  68  6:06  Marine x2  
  68  6:08  Marine  
  68  6:11  Orbital Command  
  71  6:13  Combat Shield  
  71  6:14  Siege Tank, SCV  
  71  6:16  Supply Depot, Medivac  
  71  6:17  Medivac  
  79  6:20  Barracks Reactor  
  79  6:21  Barracks Reactor  
  79  6:22  Marine  
  79  6:23  Marine  
  79  6:24  SCV  
  82  6:27  Marine x2  
  82  6:31  Terran Infantry Weapons Level 1  
  84  6:34  Terran Infantry Armor Level 1  
  84  6:36  Armory  
  84  6:39  SCV  
  86  6:40  SCV x2  
  86  6:41  Marine x2  
  86  6:43  Marine  
  90  6:47  Siege Tank  
  93  7:01  Supply Depot x2  
  87  7:23  Marine x5, SCV x2  
  87  7:25  Marine x3, SCV  
  87  7:27  Marine  
  91  7:35  SCV x2  
  93  7:44  Marine  
  93  7:46  Supply Depot  
  93  7:47  Supply Depot x3  
  93  7:51  Marine x7, SCV  
  93  7:56  Supply Depot  
  101  8:07  Marine x2  
  101  8:08  SCV x3  
  101  8:09  Marine x2  
  115  8:19  Supply Depot  
  115  8:20  SCV, Supply Depot  
  115  8:21  Supply Depot  
Tags
 
Add a new tag
Caveats
  • Supply blocks, unpowered buildings, or Contaminate may cause inaccurate times.
  • Supply counts are checked every 10 seconds.